 Dungeon Crawl Stone Soup version 0.23.1 (webtiles) character file.

Game seed: 2098259418542378455

42 Borgoz the Sneak (level 3, -1/27 HPs)
             Began as a Ghoul Enchanter on Mar 2, 2019.
             Slain by a hound (5 damage)
             ... on level 2 of the Dungeon.
             The game lasted 00:02:19 (1207 turns).

Borgoz the Sneak (Ghoul Enchanter)                  Turns: 1207, Time: 00:02:19

Health: -1/27      AC:  3    Str: 11    XL:     3   Next: 56%
Magic:  4/4        EV: 12    Int: 10    God:
Gold:   56         SH:  0    Dex: 10    Spells: 4/5 levels left

rFire    . . .     SeeInvis .   i - +1 short sword (freeze)
rCold    + . .     Gourm    .   (no shield)
rNeg     + + +     Faith    .   b - +0 robe
rPois    ∞         Spirit   .   (no helmet)
rElec    .         Reflect  .   a - +0 cloak (curse)
rCorr    .         Harm     .   (no gloves)
MR       .....                  (no boots)
Stlth    ++........             (no amulet)
HPRegen  0.00/turn              (no ring)
MPRegen  0.09/turn              (no ring)

@: rotting
A: rotting body, claws 1, carnivore, cold resistance 1, negative energy
resistance 3, inhibited regeneration, torment resistance, unbreathing
a: no special abilities


You were on level 2 of the Dungeon.
You were not hungry.

You visited 1 branch of the dungeon, and saw 2 of its levels.

You collected 56 gold pieces.

Inventory:

Hand Weapons
 i - a +1 short sword of freezing (weapon)
Missiles
 j - 18 poisoned needles
Armour
 a - a cursed +0 cloak (worn)
 b - a +0 robe (worn)
Scrolls
 e - 2 scrolls of remove curse {unknown}
 f - a scroll of blinking {unknown}
 g - a scroll of noise {unknown}
 k - a scroll of immolation {unknown}
Potions
 c - a potion of curing {unknown}
Comestibles
 d - 2 rations


   Skills:
 + Level 0.9 Fighting
 - Level 0.8 Short Blades
 + Level 0.4 Armour
 + Level 1.9 Dodging
 + Level 3.5 Stealth
 * Level 1.9 Unarmed Combat
 + Level 1.9 Spellcasting
 + Level 2.6 Hexes


You had 4 spell levels left.
You knew the following spells:

 Your Spells              Type           Power        Failure   Level  Hunger
a - Corona                Hex            #......      11%         1    ##.....

Your spell library contained the following spells:

 Spells                   Type           Power        Failure   Level  Hunger
 Ensorcelled Hibernation  Hex/Ice        #.....       28%         2    ###....
 Confuse                  Hex            #.......     32%         3    ####...
 Tukima's Dance           Hex            #.......     32%         3    ####...
 Dazzling Spray           Conj/Hex       #.....       50%         3    ####...


Dungeon Overview and Level Annotations

Branches:
Dungeon (2/15)

Altars:


Innate Abilities, Weirdness & Mutations

Your body is rotting away.
You thrive on raw meat.
You are immune to poison.
You have sharp fingernails.
You are carnivorous and can eat meat at any time.
Your flesh is cold resistant. (rC+)
You are immune to negative energy. (rN+++)
You do not regenerate when monsters are visible.
You are immune to unholy pain and torment.
You can survive without breathing.


Message History

You are too injured to fight recklessly!
You barely miss the hound.
The hound is moderately wounded.
The hound closely misses you. The hound bites you.
* * * LOW HITPOINT WARNING * * *
You hit the hound. You freeze the hound.
The hound is heavily wounded.
The hound bites you.
* * * LOW HITPOINT WARNING * * *
You barely miss the hound.
The hound is heavily wounded.
The hound misses you. The hound bites you.
* * * LOW HITPOINT WARNING * * *
You hit the hound but do no damage.
The hound is heavily wounded.
The hound bites you but does no damage.
You closely miss the hound.
The hound is heavily wounded.
The hound barely misses you. The hound bites you.
You die...

#######.#####....
#...............#
#.#####.#########
#.# #....>... .
#.# ######### #
#.# #.#
#.######.#
#.....h@.#
########.# ###


You could see a hound.

Vanquished Creatures
  A dart slug (D:1)
  4 leopard geckos (D:1)
  5 bats (D:1)
  4 giant cockroaches (D:1)
  7 goblins
  A hobgoblin (D:1)
  7 kobolds (D:1)
  A frilled lizard (D:1)
  3 rats (D:1)
33 creatures vanquished.

Notes
Turn   | Place    | Note
-------+----------+-------------------------------------------
     0 | D:1      | Borgoz the Ghoul Enchanter began the quest for the Orb.
     0 | D:1      | Reached XP level 1. HP: 14/14 MP: 2/2
    86 | D:1      | Reached XP level 2. HP: 9/22 MP: 0/3
   327 | D:1      | Reached skill level 1 in Unarmed Combat
   714 | D:1      | Reached XP level 3. HP: 26/27 MP: 4/4
  1207 | D:2      | Slain by a hound

Skill      XL: |  1  2 |
---------------+-------+-----
Unarmed Combat | 1 |  1.9
Fighting       | |  0.9
Short Blades   | |  0.8
Armour         | |  0.4
Dodging        | |  1.9
Stealth        | |  3.5
Spellcasting   | |  1.9
Hexes          | |  2.6

Action                   || total
-------------------------++-------
Melee: Dagger            ||    66
       Short sword       ||    65
 Cast: Corona            ||     2
 Stab: Sleeping          ||     4
  Eat: Chunk             ||    11
Armor: Robe              ||    39
Dodge: Dodged            ||   112
